 Dungeon Crawl Stone Soup version 0.30-a0-879-ga8ba668304 (webtiles) character file.

Game seed: 4047389970909142170

336 lesbiats the Ruffian (level 6, -5/61 HPs)
             Began as a Troll Fighter on Mar 13, 2023.
             Slain by a killer bee (6 damage)
             ... on level 5 of the Dungeon.
             The game lasted 00:07:40 (3289 turns).

lesbiats the Ruffian (Troll Fighter)                Turns: 3289, Time: 00:07:40

Health: -5/61      AC:  4    Str: 25    XL:     6   Next: 28%
Magic:  5/5        EV:  8    Int:  6    God:
Gold:   263        SH:  8    Dex:  9    Spells: 5/5 levels left

rFire   . . .      SeeInvis .      - Unarmed
rCold   . . .      Faith    .    b - +0 kite shield
rNeg    . . .      Spirit   .    a - +0 robe
rPois   .          Reflect  .    h - +0 hat
rElec   .          Rampage  .    (no cloak)
rCorr   .                        (gloves unavailable)
Will    .....                    (boots unavailable)
Stlth   +                        (no amulet)
HPRegen 1.10/turn                (no ring)
MPRegen 0.09/turn                (no ring)

@: lethally poisoned (-5 -> -16)
A: large, unfitting armour, claws 3, regeneration 1, shaggy fur 1, tough skin 1
a: no special abilities


You were on level 5 of the Dungeon.
You visited 1 branch of the dungeon, and saw 5 of its levels.

You collected 263 gold pieces.

Inventory:

Missiles
 e - 2 silver javelins (quivered)
 k - 5 boomerangs
 m - 11 poisoned darts
Armour
 a - a +0 robe (worn)
 b - a +0 kite shield (worn)
 h - a +0 hat (worn)
Jewellery
 o - an amulet of regeneration
Wands
 D - a wand of polymorph (4)
Scrolls
 g - a scroll of fog {unknown}
 i - 5 scrolls of blinking {unknown}
 l - 4 scrolls of identify {unknown}
 p - a scroll of immolation {unknown}
 t - a scroll of teleportation {unknown}
 u - 3 scrolls of butterflies {unknown}
 v - 2 scrolls of poison {unknown}
 w - a scroll of vulnerability {unknown}
 y - a scroll of fear {unknown}
 z - a scroll of acquirement {unknown}
 A - a scroll of magic mapping {unknown}
 C - a scroll of enchant armour {unknown}
Potions
 c - a potion of might
 d - 2 potions of haste {unknown}
 f - a potion of attraction {unknown}
 j - a potion of brilliance {unknown}
 n - 2 potions of lignification {unknown}
 q - 2 potions of curing
 r - a potion of flight {unknown}
 s - a potion of heal wounds {unknown}
 x - 3 potions of cancellation {unknown}
 B - a potion of resistance {unknown}
 E - a potion of magic {unknown}


   Skills:
 + Level 3.5 Fighting
 - Level 2.4 Dodging
 + Level 4.0 Shields
 * Level 4.9 Unarmed Combat


You had 5 spell levels left.
You didn't know any spells.
Your spell library contained the following spells:

 Spells                   Type           Power      Damage    Failure   Level
 Cigotuvi's Dreadful Rot  Necr/Pois/Air  0%         N/A       86%         2
 Dispel Undead            Necr           0%         3d6       100%        4
 Iskenderun's Battlesphe  Conj           0%         2d6       100%        5
 Death Channel            Necr           0%         N/A       100%        6
 Iron Shot                Conj/Erth      0%         9d1       100%        6
 Spellforged Servitor     Conj/Summ      0%         N/A       100%        7


Dungeon Overview and Level Annotations

Branches:
Dungeon (5/15)
 Temple: D:4-7

Altars:
Cheibriados
Elyvilon
Fedhas
Zin


Innate Abilities, Weirdness & Mutations

You are too large for most types of armour.
You have claws for hands.
Your natural rate of healing is unusually fast.
You are covered in fur. (AC +1)
You have tough skin. (AC +1)


Message History

The killer bee poisons you! The killer bee barely misses you.
You block the killer bee's attack.
You feel very sick. The killer bee stings you.
You block the killer bee's attack. The killer bee closely misses you.
The killer bee stings you!
You are more poisoned.
The killer bee poisons you! You block the killer bee's attack.
The killer bee attacks as you move away!
You block the killer bee's attack.
You feel very sick. The killer bee stings you.
* * * LOW HITPOINT WARNING * * *
The killer bee stings you.
* * * LOW HITPOINT WARNING * * *
You are lethally poisoned!
The killer bee poisons you!
It was a potion of curing.
You feel better. The killer bee stings you.
You are poisoned.
The killer bee poisons you!
You feel sick. You block the killer bee's attack. The killer bee stings you.
* * * LOW HITPOINT WARNING * * *
The killer bee closely misses you.
The killer bee attacks as you move away!
The killer bee stings you but does no damage.
You feel sick. You block the killer bee's attack. The killer bee stings you.
* * * LOW HITPOINT WARNING * * *
You are more poisoned.
The killer bee poisons you!
The killer bee attacks as you move away!
The killer bee barely misses you.
You feel very sick. The killer bee stings you.
* * * LOW HITPOINT WARNING * * *
The killer bee stings you.
* * * LOW HITPOINT WARNING * * *
You are more poisoned.
The killer bee poisons you! You block the killer bee's attack.
The killer bee attacks as you move away!
The killer bee stings you.
You die...

#.# #.# ##.# ##..#
##### ...#.....#
####..#.≈≈≈.#
#.#.####yy.#.'.≈...#
#......@yy...'.≈._.#
###.####y..#.'.≈...#
#####.#.≈≈≈.#
#.#.....# #.# #####
#.#########
#.........#
#..#####..### #..#
##).....


You could see 5 killer bees.

Vanquished Creatures
  A hound (D:2)
  2 orc priests (D:3)
  An orc wizard (D:3)
  An iguana (D:4)
  Ijyb (D:4)
  Robin (D:5)
  3 gnolls (D:3)
  3 adders
  2 worms
  2 dart slugs
  10 orcs
  10 ball pythons
  4 endoplasms
  3 giant cockroaches
  11 goblins
  8 hobgoblins
  3 jackals (D:1)
  4 kobolds
  3 quokkas
  5 bats
  3 frilled lizards
  5 rats
86 creatures vanquished.

Vanquished Creatures (others)
  7 plants (D:4)
7 creatures vanquished.

Grand Total: 93 creatures vanquished

Notes
Turn   | Place    | Note
-------+----------+-------------------------------------------
     0 | D:1      | lesbiats the Troll Fighter began the quest for the Orb.
     0 | D:1      | Reached XP level 1. HP: 22/22 MP: 0/0
   105 | D:1      | Reached XP level 2. HP: 29/29 MP: 1/1
   719 | D:2      | Reached XP level 3. HP: 36/36 MP: 2/2
  1133 | D:2      | Reached XP level 4. HP: 44/44 MP: 3/3
  1444 | D:3      | Found a snail-covered altar of Cheibriados.
  1597 | D:3      | Reached XP level 5. HP: 41/53 MP: 4/4
  1684 | D:3      | Found a faded altar of an unknown god.
  2192 | D:4      | Found a glowing silver altar of Zin.
  2568 | D:4      | Reached XP level 6. HP: 61/61 MP: 5/5
  2579 | D:4      | Found a white marble altar of Elyvilon.
  2929 | D:5      | Entered Level 5 of the Dungeon
  2929 | D:5      | Noticed Robin
  2929 | D:5      | Noticed Ijyb
  3004 | D:4      | Killed Ijyb
  3219 | D:5      | Killed Robin
  3279 | D:5      | Found a blossoming altar of Fedhas.
  3288 | D:5      | HP: 1/61 [killer bee (5)]
  3289 | D:5      | Slain by a killer bee

Illustrated notes

Levels and vault maps discovered:
D:1:      dpeg_arrival_chambers_temple_mockup, layout_basic
D:2:      layout_rooms, supply_closet_lemuel, grunt_decor_junction,
          corner_web_ring, minmay_misc_feat_tiny, wad_orctagon
D:3:      wander_river, layout_rooms, mainiacjoe_overflow_chevrons,
          basic_ecumenical_altar, kennysheep_orc_chapel
D:4:      layout_basic, general_overflow_altar, nicolae_elyvilon_temple_path
D:5:      layout_loops_corners, mainiacjoe_overflow_alcove_4,
          amcnicky_altar_gilded, serial_shops, shop_statue, nicolae_goblin_pals,
          uniq_edmund

Skill      XL: |  1  2  3  4  5  6 |
---------------+-------------------+-----
Shields        | 3 4 |  4.0
Unarmed Combat | 3 4 |  4.9
Fighting       | 3 |  3.5
Dodging        | |  2.4

Action                     |  1- 3 |  4- 6 || total
---------------------------+-------+-------++-------
  Melee: Unarmed           |    80 |   163 ||   243
    Use: Potion            |       |     2 ||     2
   Stab: Sleeping          |     2 |       ||     2
 Armour: Robe              |    43 |    40 ||    83
         Skin              |       |     3 ||     3
  Dodge: Dodged            |    39 |    80 ||   119
  Block: Kite shield       |    48 |    71 ||   119

Table legend: (Time is in decaauts)
 A = Elapsed time spent in this place.
 B = Non-inter-level travel time spent in this place.
 C = Inter-level travel time spent in this place.
 D = Time resting spent in this place.
 E = Time spent auto-exploring this place.
 F = Levels seen in this place.
 G = Mean time per level.
                   A        B        C        D        E       F      G
               +--------+--------+--------+--------+--------+-----+--------+
         Total |   3299 |   2913 |    386 |    155 |   2002 |   5 |  659.8 |
       Dungeon |   3299 |   2913 |    386 |    155 |   2002 |   5 |  659.8 |
               +--------+--------+--------+--------+--------+-----+--------+

Top non-repeatable levels by time:
     D:4: 1211 daAuts
     D:1: 724 daAuts
     D:2: 645 daAuts
     D:3: 635 daAuts
     D:5: 82 daAuts
